 Dungeon Crawl Stone Soup version 0.29-a0-284-gf9362112df (webtiles) character file.

Game seed: 579443994823259749

1661 sammy202020 the Skirmisher (level 8, -6/73 HPs)
             Began as a Minotaur Berserker on Mar 16, 2022.
             Was a Priest of Trog.
             Mangled by a gnoll sergeant
             ... wielding a +0 spear
              (8 damage)
             ... on level 7 of the Dungeon.
             The game lasted 00:11:01 (5813 turns).

sammy202020 the Skirmisher (Minotaur Berserker)     Turns: 5813, Time: 00:11:01

Health: -6/73      AC: 16    Str: 22    XL:     8   Next: 69%
Magic:  7/7        EV:  3    Int:  6    God:    Trog [***...]
Gold:   303        SH:  0    Dex: 10    Spells: 7/7 levels left

rFire   . . .      SeeInvis .   a - +1 hand axe
rCold   . . .      Faith    .   k - +0 kite shield
rNeg    . . .      Spirit   .   g - +0 plate armour
rPois   .          Reflect  .   c - +2 hat
rElec   .          Harm     .   d - +0 cloak
rCorr   .          Rampage  .   (no gloves)
Will    ++...                   (no boots)
Stlth   ..........              (no amulet)
HPRegen 1.22/turn               (no ring)
MPRegen 0.10/turn               (no ring)

@: lethally poisoned (-6 -> -11), strong-willed, on berserk cooldown, held,
regenerating, slowed, very slow
A: horns 2, retaliatory headbutt
a: Renounce Religion, Berserk, Trog's Hand


You were on level 7 of the Dungeon.
You worshipped Trog.
Trog was most pleased with you.
You visited 2 branches of the dungeon, and saw 8 of its levels.

You collected 303 gold pieces.

Inventory:

Hand Weapons
 a - a +1 hand axe (weapon)
 C - a +0 whip
Missiles
 m - 4 silver javelins (quivered)
Armour
 c - a +2 hat (worn)
 d - a +0 cloak (worn)
 g - a +0 plate armour (worn)
 k - a +0 kite shield (worn)
 A - a +0 tower shield
Jewellery
 h - a ring of magical power
 t - an amulet of magic regeneration
 z - a ring of resist corrosion
 B - an amulet of faith
Scrolls
 e - 2 scrolls of blinking
 f - 2 scrolls of enchant armour
 j - a scroll of acquirement {unknown}
 n - 2 scrolls of teleportation
 u - a scroll of identify
 w - a scroll of enchant weapon
 y - a scroll of holy word
Potions
 b - 2 potions of lignification
 i - 3 potions of haste {unknown}
 l - a potion of flight {unknown}
 o - 3 potions of attraction
 p - a potion of might {unknown}
 q - 2 potions of degeneration {unknown}
 r - a potion of curing {unknown}
 s - 2 potions of heal wounds {unknown}
 v - 2 potions of brilliance {unknown}
 x - 2 potions of invisibility {unknown}


   Skills:
 * Level 7.3 Fighting
 * Level 7.2 Axes
 * Level 6.7 Armour
 + Level 4.5 Dodging
 * Level 5.9 Shields


You had 7 spell levels left.
You didn't know any spells.
Your spell library was empty.

Dungeon Overview and Level Annotations

Branches:
Dungeon (7/15)             Temple (1/1) D:4

Altars:
Ashenzari
Cheibriados
Dithmenos
Elyvilon
Fedhas
Gozag
Hepliaklqana
Kikubaaqudgha
Makhleb
Nemelex Xobeh
Okawaru
Qazlal
Ru
Sif Muna
Trog
Uskayaw
Vehumet
Wu Jian
Xom
Yredelemnul
Zin
The Shining One


Innate Abilities, Weirdness & Mutations

You have a pair of horns on your head.
You reflexively headbutt those who attack you in melee.


Message History

You are poisoned.
You feel yourself slow down.
The gnoll sergeant hits you but does no damage.
The gnoll shaman hits you but does no damage.
You struggle against the net.
You feel yourself speed up.
You feel very sick. The hornet stings you.
* * * LOW HITPOINT WARNING * * *
You are more poisoned.
You feel yourself slow down.
The gnoll shaman hits you but does no damage.
The gnoll sergeant hits you but does no damage.
An orc wizard comes into view. It is wielding a +0 dagger.
The orc warrior hits you with a +0 trident.
* * * LOW HITPOINT WARNING * * *
There are no objects that can be picked up here. a throwing net You struggle against the net.
You feel your anger nearly subside.
You feel very sick.
The hornet stings you but does no damage.
The orc warrior hits you with a +0 morningstar!
* * * LOW HITPOINT WARNING * * *
The hornet stings you but does no damage.
The gnoll sergeant hits you but does no damage.
The orc warrior hits you but does no damage.
Unknown command.
You are too berserk!
Unknown command.
You struggle against the net.
You feel yourself speed up.
You are no longer berserk.
You are exhausted.
You feel yourself slow down.
* * * LOW HITPOINT WARNING * * *
You feel very sick.
The orc warrior hits you but does no damage.
The hornet stings you but does no damage.
The gnoll sergeant hits you from afar with a +0 spear!
You die...

#....... #
#....... .#.
....... ...#
#.....
....#####...#
#.........#
#...).).#
##...oy.## .
#g...@o).##....
#......g#g.......
..#.....#)).#....
...###...........
.. #.......o... .
............
≈≈≈≈≈≈≈≈≈≈≈..
≈≈≈≈≈≈≈≈≈≈≈..
≈≈≈≈≈≈≈≈≈≈≈≈..


You could see a hornet, 2 orc warriors, a gnoll sergeant, a gnoll shaman, an orc
wizard and a gnoll.

Vanquished Creatures
  Grinder (D:4)
  A troll (D:6)
  Menkaure (D:4)
  A black bear (D:5)
  A centaur (D:5)
  3 phantoms
  4 scorpions
  2 howler monkeys (D:7)
  2 jellies
  2 hounds
  An orc priest (D:5)
  2 iguanas
  7 gnolls
  7 adders
  A white imp (D:5)
  An ufetubus (D:5)
  3 worms
  9 orcs
  9 ball pythons
  4 bats
  9 endoplasms
  4 giant cockroaches (D:1)
  5 goblins
  7 hobgoblins
  6 jackals
  4 quokkas
  A frilled lizard (D:1)
  8 kobolds
  8 rats
114 creatures vanquished.

Vanquished Creatures (others)
  A bush (D:5)
  2 plants (D:5)
3 creatures vanquished.

Grand Total: 117 creatures vanquished

Notes
Turn   | Place    | Note
-------+----------+-------------------------------------------
     0 | D:1      | sammy202020 the Minotaur Berserker began the quest for the
                  | Orb.
     0 | D:1      | Reached XP level 1. HP: 19/19 MP: 0/0
    71 | D:1      | Reached XP level 2. HP: 16/27 MP: 1/1
   560 | D:1      | Reached XP level 3. HP: 33/33 MP: 2/2
   562 | D:1      | Reached ** piety under Trog
   784 | D:2      | Reached skill level 1 in Shields
  1011 | D:2      | Reached XP level 4. HP: 41/41 MP: 3/3
  1372 | D:2      | Found a faded altar of an unknown god.
  1709 | D:3      | Found a snail-covered altar of Cheibriados.
  1802 | D:3      | Found a basalt altar of Yredelemnul.
  1839 | D:3      | Found a glowing golden altar of the Shining One.
  1909 | D:3      | HP: 3/61 [gnoll/+0 spear (3)]
  1911 | D:3      | Reached XP level 5. HP: 3/47 MP: 4/4
  2275 | D:4      | Noticed Menkaure
  2290 | D:4      | Killed Menkaure
  2291 | D:4      | Reached skill level 5 in Fighting
  2291 | D:4      | Reached XP level 6. HP: 56/56 MP: 5/5
  2334 | D:4      | Noticed Grinder
  2334 | D:4      | Paralysed by Grinder for 7 turns
  2357 | D:4      | Killed Grinder
  2358 | D:4      | Reached skill level 5 in Axes
  2534 | D:4      | Reached XP level 7. HP: 55/61 MP: 6/6
  2572 | D:4      | Found a staircase to the Ecumenical Temple.
  2583 | D:4      | Reached skill level 5 in Armour
  2604 | Temple   | Entered the Ecumenical Temple
  3583 | D:5      | Entered Level 5 of the Dungeon
  3853 | D:5      | Found a hide-covered altar of Uskayaw.
  3973 | D:5      | Reached *** piety under Trog
  4409 | D:5      | Reached XP level 8. HP: 66/71 MP: 7/7
  4483 | D:5      | Reached skill level 5 in Shields
  4969 | D:5      | Identified the +4 falchion "Minotaur's Curse" {flame,
                  | Will+}
  5120 | D:6      | Found a shimmering altar of Xom.
  5145 | D:6      | Found an iron altar of Okawaru.
  5449 | D:6      | Noticed a troll
  5457 | D:6      | Killed a troll
  5804 | D:7      | Noticed a hornet
  5813 | D:7      | HP: 2/73 [poisoned by a hornet]
  5813 | D:7      | Mangled by a gnoll sergeant

Illustrated notes

Levels and vault maps discovered:
D:1:      lightli_arrival_statue_moat, layout_rooms
D:2:      layout_loops_ring, hellmonk_ecumenical_altar_inner_sanctum,
          serial_bayou_pond_e
D:3:      layout_rooms, mainiacjoe_overflow_surrounded_room,
          grunt_temple_overflow_holy_war
D:4:      layout_cave_pods, minmay_temple_entry_water_ring, uniq_menkaure,
          uniq_grinder
D:5:      layout_basic, mainiacjoe_overflow_chevrons, kb_lookout_dungeons_type,
          minmay_misc_feat_ornament, glass_columns_b
D:6:      layout_loops_ring, mainiacjoe_overflow_six_doors_small,
          kennysheep_okawaru_gauntlet
D:7:      lemuel_castle_with_subvaults [lemuel_castle_interior_original],
          layout_cave_pools, the_hattery
Temple:   eino_temple_scatter_basement

Skill      XL: |  1  2  3  4  5  6  7  8 |
---------------+-------------------------+-----
Fighting       | 4 5 6 7 |  7.3
Axes           | 4 5 6 7 |  7.2
Armour         | 3 4 5 6 |  6.7
Shields        | 1 2 3 4 5 |  5.9
Dodging        | 3 4 |  4.5

Action                   |  1- 3 |  4- 6 |  7- 9 || total
-------------------------+-------+-------+-------++-------
Melee: Hand axe          |   107 |    90 |   174 ||   371
       Headbutt          |    11 |    16 |    36 ||    63
Throw: Throwing net      |       |       |     1 ||     1
       Javelin           |       |       |     3 ||     3
Invok: Berserk           |       |     1 |     2 ||     3
       Trog's Hand       |       |     2 |     3 ||     5
  Use: Scroll            |     8 |     2 |     1 ||    11
Armor: Animal skin       |    12 |       |       ||    12
       Plate armour      |    52 |    49 |   147 ||   248
Dodge: Dodged            |    33 |    14 |    40 ||    87
Block: Kite shield       |    26 |    40 |    85 ||   151

Table legend: (Time is in decaauts)
 A = Elapsed time spent in this place.
 B = Non-inter-level travel time spent in this place.
 C = Inter-level travel time spent in this place.
 D = Time resting spent in this place.
 E = Time spent auto-exploring this place.
 F = Levels seen in this place.
 G = Mean time per level.
                   A        B        C        D        E       F      G
               +--------+--------+--------+--------+--------+-----+--------+
         Total |   5909 |   5833 |     76 |    494 |   4052 |   8 |  738.6 |
       Dungeon |   5663 |   5587 |     76 |    494 |   3840 |   7 |  809.0 |
        Temple |    245 |    245 |      0 |      0 |    212 |   1 |  245.0 |
               +--------+--------+--------+--------+--------+-----+--------+

Top non-repeatable levels by time:
     D:5: 1406 daAuts
     D:4: 1113 daAuts
     D:2: 864 daAuts
     D:6: 819 daAuts
     D:3: 756 daAuts
     D:1: 668 daAuts
  Temple: 245 daAuts
     D:7: 34 daAuts
